 Dungeon Crawl Stone Soup version 0.18-a0-1539-g1c7284a (webtiles) character file.

43582 lorenzova the Unseen (level 13, 0/55 HPs)
             Began as a Spriggan Enchanter on Mar 9, 2016.
             Was the Champion of Dithmenos.
             Engulfed by a cloud of flame (7 damage)
             ... in a volcano.
             The game lasted 01:05:42 (25074 turns).

lorenzova the Unseen (Spriggan Enchanter)          Turns: 25074, Time: 01:05:42

Health: 0/55       AC:  7    Str: 11    XL:     13   Next: 91%
Magic:  29/29      EV: 32    Int: 17    God:    Dithmenos [******]
Gold:   979        SH:  0    Dex: 22    Spells: 6 memorised, 13 levels left

rFire  + . .     SeeInvis +     M - +5 rapier (drain)
rCold  + + .     Gourm    .     K - +2 robe {rC+}
rNeg   + + .     Faith    .     (shield restricted)
rPois  +         Spirit   .     J - -2 hat of the Alchemist {rElec rPois rF+ rC+ rN+ MR+ rMut rCorr}
rElec  +         Dismiss  .     g - +4 cloak of the Planets {*Corrode Str+5}
rCorr  +         Reflect  .     (gloves unavailable)
rMut   +         Harm     .     (boots unavailable)
SustAt .                        (no amulet)
MR     +++..                    E - +3 ring of dexterity
Stlth  ++++++++++               n - ring of positive energy

@: wreathed by umbra, studying Hexes, very quick, extremely resistant to hostile
enchantments, uncannily stealthy
A: unfitting armour, see invisible, herbivore 3, speed 3, slow metabolism 2
a: Shadow Step, Shadow Form, Renounce Religion


You were in a volcano.
You worshipped Dithmenos.
Dithmenos was exalted by your worship.
You were not hungry.

You visited 3 branches of the dungeon, and saw 20 of its levels.
You also visited: Ice Cave and Volcano.

You collected 1227 gold pieces.
You spent 248 gold pieces at shops.

Inventory:

Hand Weapons
 M - a +5 rapier of draining (weapon)
Armour
 g - the +4 cloak of the Planets (worn) {*Corrode Str+5}
   (You acquired it on level 3 of the Lair of Beasts)

   It affects your strength (+5).
   It may corrode your equipment when you take damage.
 J - the -2 hat of the Alchemist (worn) {rElec rPois rF+ rC+ rN+ MR+ rMut rCorr}
   (You found it on level 6 of the Dungeon)

   It protects you from fire.
   It protects you from cold.
   It insulates you from electricity.
   It protects you from poison.
   It protects you from negative energy.
   It affects your resistance to hostile enchantments.
   It protects you from acid and corrosion.
   It protects you from mutation.
 K - a +2 robe of cold resistance (worn)
Jewellery
 h - a +2 ring of evasion
 n - a ring of positive energy (left hand)
 E - a +3 ring of dexterity (right hand)
 H - an uncursed ring of resist corrosion
Wands
 a - a wand of teleportation (4/9)
 b - a wand of hasting (5/9)
 c - a wand of teleportation (5/9)
 d - a wand of digging (13/24)
 G - a wand of acid (3/15)
 L - a wand of lightning (5/15)
Scrolls
 f - 11 scrolls of remove curse
 k - 5 scrolls of teleportation
 m - a scroll of amnesia
 s - 2 scrolls of magic mapping
 w - 6 scrolls of fear
 z - 2 scrolls of enchant weapon
 C - 4 scrolls of enchant armour
 F - a scroll of identify
 I - 5 scrolls of fog
 O - a scroll of summoning
 T - 2 scrolls of recharging
Potions
 e - 12 potions of curing
 i - 4 potions of heal wounds
 j - 3 potions of cure mutation
 l - a potion of brilliance
 o - 4 potions of lignification
 p - 3 potions of flight
 q - 3 potions of berserk rage
 r - 4 potions of might
 u - 2 potions of haste
 v - 3 potions of resistance
 A - a potion of agility
 D - a potion of cancellation
 N - 2 potions of mutation {unknown}
Books
 t - a book of Party Tricks

   Spells                             Type                      Level
   a - Summon Butterflies             Summoning                    1
   b - Apportation                    Translocation                1
   c - Tukima's Dance                 Hexes                        3
   d - Alistair's Intoxication        Transmutation/Poison         5
   e - Invisibility                   Hexes                        6
 y - a book of Necromancy

   Spells                             Type                      Level
   a - Pain                           Necromancy                   1
   b - Animate Skeleton               Necromancy                   1
   c - Vampiric Draining              Necromancy                   3
   d - Regeneration                   Charms/Necromancy            3
   e - Animate Dead                   Necromancy                   4
   f - Control Undead                 Necromancy                   4
 Z - a manual of Hexes
Miscellaneous
 B - an ornate deck of wonders
Comestibles
 x - 3 bread rations
 P - 11 royal jellies
 V - 4 fruits


   Skills:
 - Level 10.5 Short Blades
 - Level 12.9 Dodging
 + Level 16.5 Stealth
 * Level 11.7 Spellcasting
 * Level 14.7 Hexes
 - Level 7.6 Invocations
 - Level 7.7 Evocations


You had 13 spell levels left.
You knew the following spells:

 Your Spells              Type           Power        Failure   Level  Hunger
a - Invisibility          Hex            ######..     2%          6    ######.
b - Ensorcelled Hibernat  Hex/Ice        #####.       1%          2    None
c - Confuse               Hex            ######..     1%          3    None
d - Metabolic Englaciati  Hex/Ice        #####.....   12%         5    ####...
e - Regeneration          Chrm/Necr      #.........   24%         3    None
f - Dazzling Spray        Conj/Hex       #####...     1%          3    None


Dungeon Overview and Level Annotations

Branches:
Dungeon (12/15)            Temple (1/1) D:4            Lair (7/8) D:8
  Swamp (0/4) Lair:6       Spider (0/4) Lair:6        Slime (0/6) Lair:7
    Orc (0/2) D:12

Altars:
Ashenzari
Cheibriados
Dithmenos
Elyvilon
Fedhas
Gozag
Kikubaaqudgha
Makhleb
Nemelex Xobeh
Okawaru
Pakellas
Qazlal
Ru
Sif Muna
Trog
Vehumet
Xom
Yredelemnul
Zin
The Shining One

Shops:
D:8 (   D:9 (   D:11 :


Innate Abilities, Weirdness & Mutations

You are tiny and cannot use many weapons and most armour.
You have supernaturally acute eyesight.
You are a herbivore.
You cover ground extremely quickly.
You need consume almost no food.


Message History

The fire elemental is lightly damaged.
You are engulfed in roaring flames.
You resist.
The fire elemental completely misses you.
You puncture the fire elemental!
The fire elemental is heavily damaged.
You are engulfed in roaring flames.
You resist. The fire elemental misses you.
You hit the fire elemental but do no damage.
The fire elemental is heavily damaged.
You are engulfed in roaring flames.
You resist.
* * * LOW HITPOINT WARNING * * *
The fire elemental completely misses you.
You hit the fire elemental.
The fire elemental is heavily damaged.
You are engulfed in roaring flames.
You resist.
* * * LOW HITPOINT WARNING * * *
The fire elemental completely misses you.
You miss the fire elemental.
The fire elemental is heavily damaged.
You are engulfed in roaring flames.
You resist.
You die...

§..## §...# #### ### #§≈≈..
##### ##≈.## ##.### ..≈§§. #.§.#
##≈≈..###..§.# #§§§§≈. ##.§§#
#≈≈....#§.≈.§## ..§§≈≈. ##..§§.
#≈.)...§§§§≈..##E≈≈v≈≈≈ #..≈≈≈§
#≈..?.##≈§§§≈§§@# +.≈≈≈§vE
#≈..∩[##≈≈§§≈##############≈≈§§≈
#≈..)..##≈≈###.'#≈≈≈#≈##+.##≈≈##
#≈§[...'#####.##.≈≈..≈..#..#####
#≈≈....#.#.).###..≈.≈≈..##..#.#.
##≈≈..###..)## ##.≈≈≈≈.#####.))#
###..# ##.## #..≈≈..# ##.## ####
### ##.≈≈..# ### #....##


You could see a fire elemental and a fire vortex.

Vanquished Creatures
  Rupert (Lair:5)
  A fire dragon (Lair:6)
  Fannar (Lair:2)
  7 hydras
  Harold (Lair:1)
  A centaur warrior (D:12)
  An unseen horror (D:11)
  A lindwurm (Volcano)
  A manticore (D:11)
  6 black mambas
  An ice statue (IceCv)
  A centaur zombie (D:12)
  2 gargoyles (Volcano)
  5 spiny frogs
  2 molten gargoyles (Volcano)
  5 komodo dragons
  A rime drake (Lair:5)
  3 jumping spiders (Lair:6)
  Grinder (D:5)
  Prince Ribbit (D:7)
  19 blink frogs
  Sigmund (D:4)
  8 humans (Lair:5)
  2 redbacks (Lair:6)
  43 yaks
  2 fire elementals (Volcano)
  4 basilisks
  A hungry ghost (D:11)
  8 hippogriffs
  Menkaure (D:4)
  7 wolves
  Edmund (D:4)
  Duvessa (D:5)
  8 water moccasins
  6 porcupines
  2 hell hounds (D:8)
  9 ice beasts
  An eye of draining (D:12)
  2 sky beasts
  5 ogres
  2 orc warriors
  A wasp (D:11)
  3 phantoms
  A centaur (D:7)
  3 necrophages
  13 crocodiles
  A gnoll sergeant (D:6)
  Dowan (D:5)
  20 giant frogs
  A wyvern skeleton (D:7)
  3 scorpions
  A troll zombie (D:11)
  7 wights
  7 killer bees
  A troll skeleton (D:11)
  4 howler monkeys
  6 crimson imps
  4 giant frog zombies
  5 jellies
  2 centaur skeletons
  2 giant frog skeletons (D:5)
  3 human zombies (D:11)
  2 orc priests
  6 hounds
  6 orc wizards
  A human skeleton (D:11)
  11 iguanas
  Ijyb (Lair:5)
  Terence (D:3)
  3 worker ants
  Natasha (D:3)
  A killer bee zombie (D:5)
  15 sheep
  A hound zombie (D:5)
  2 hound skeletons
  3 mummies (D:11)
  A worker ant zombie (D:6)
  Robin (D:3)
  4 gnolls (D:6)
  16 adders
  46 river rats
  2 shadow imps
  12 white imps (Lair:4)
  5 oozes (D:9)
  2 adder skeletons
  A worm (D:3)
  A dart slug (D:4)
  9 giant geckos
  30 orcs
  3 giant cockroaches
  13 hobgoblins
  7 jackals
  7 quokkas
  2 ball pythons
  6 bats
  A giant gecko skeleton (D:4)
  A giant gecko zombie (D:5)
  6 giant newts
  16 goblins
  5 kobolds
  A quokka zombie (D:7)
  33 rats
550 creatures vanquished.

Vanquished Creatures (collateral kills)
  A hydra (Lair:3)
1 creature vanquished.

Vanquished Creatures (others)
  2 ice statues (IceCv)
  A hobgoblin (D:1)
  6 fungi
  A plant (Lair:4)
10 creatures vanquished.

Grand Total: 561 creatures vanquished

Notes
Turn   | Place    | Note
--------------------------------------------------------------
     0 | D:1      | lorenzova the Spriggan Enchanter began the quest for the Orb.
     0 | D:1      | Reached XP level 1. HP: 9/9 MP: 5/5
    72 | D:1      | Reached XP level 2. HP: 7/13 MP: 5/7
    76 | D:1      | Learned a level 2 spell: Ensorcelled Hibernation
  1219 | D:2      | Reached skill level 5 in Stealth
  1219 | D:2      | Reached XP level 3. HP: 16/16 MP: 5/8
  1784 | D:2      | Reached XP level 4. HP: 21/21 MP: 5/10
  2124 | D:3      | Noticed Robin
  2197 | D:2      | Learned a level 3 spell: Confuse
  2265 | D:3      | Noticed Terence
  2268 | D:3      | Killed Terence
  2268 | D:3      | Reached skill level 5 in Hexes
  2911 | D:3      | Killed Robin
  2911 | D:3      | Reached XP level 5. HP: 21/24 MP: 5/12
  3032 | D:3      | Found a glowing silver altar of Zin.
  3032 | D:3      | Found a snail-covered altar of Cheibriados.
  3408 | D:3      | Found an oddly glowing altar of Pakellas.
  3428 | D:3      | Found a sacrificial altar of Ru.
  3428 | D:3      | Noticed Natasha
  3553 | D:3      | Reached skill level 6 in Stealth
  3619 | D:4      | Noticed an ogre
  3630 | D:4      | Killed an ogre
  3630 | D:4      | Reached XP level 6. HP: 15/28 MP: 9/14
  3771 | D:4      | Found a staircase to the Ecumenical Temple.
  3797 | D:4      | Noticed Edmund
  3826 | D:4      | Killed Edmund
  3826 | D:4      | Reached skill level 5 in Spellcasting
  4164 | Temple   | Entered the Ecumenical Temple
  4526 | D:4      | Noticed Menkaure
  4538 | D:4      | Killed Menkaure
  4790 | D:4      | Reached XP level 7. HP: 32/32 MP: 16/16
  4814 | D:4      | Reached skill level 7 in Stealth
  4917 | D:4      | Noticed Sigmund
  4922 | D:4      | Killed Sigmund
  5135 | D:3      | Found a sparkling altar of Nemelex Xobeh.
  5144 | D:3      | Killed Natasha
  5173 | D:5      | Entered Level 5 of the Dungeon
  5240 | D:5      | You fall through a shaft for 3 floors!
  5240 | D:8      | Found a staircase to the Lair.
  5441 | D:8      | Noticed a hippogriff
  5463 | D:8      | Killed a hippogriff
  5463 | D:8      | Reached skill level 8 in Stealth
  5463 | D:8      | Reached XP level 8. HP: 29/36 MP: 15/19
  5471 | D:8      | Found Bizythil's Antique Weapon Shoppe.
  6318 | D:6      | Reached skill level 9 in Stealth
  6580 | D:6      | Reached XP level 9. HP: 15/39 MP: 17/23
  7345 | D:5      | Noticed Grinder
  7364 | D:5      | Killed Grinder
  7364 | D:5      | Reached skill level 10 in Hexes
  7578 | D:5      | Noticed Duvessa
  7578 | D:5      | Noticed Dowan
  7649 | D:5      | Killed Duvessa
  7653 | D:5      | Killed Dowan
  7744 | D:5      | Found a radiant altar of Vehumet.
  7747 | D:5      | Found a shattered altar of Ashenzari.
  7750 | D:5      | Found a shadowy altar of Dithmenos.
  7773 | D:5      | Became a worshipper of Dithmenos the Shadowed
  8475 | D:5      | Reached * piety under Dithmenos
  8745 | D:5      | Reached skill level 10 in Stealth
  8745 | D:5      | Reached skill level 10 in Spellcasting
  8766 | D:5      | Found a glowing golden altar of the Shining One.
  9658 | D:7      | Found an opulent altar of Gozag.
  9773 | D:7      | Reached ** piety under Dithmenos
 10054 | D:7      | Noticed Prince Ribbit
 10056 | D:7      | Killed Prince Ribbit
 10216 | D:7      | Reached XP level 10. HP: 42/44 MP: 18/25
 10657 | D:7      | Found a bloodstained altar of Trog.
 10664 | D:7      | Found a burning altar of Makhleb.
 10730 | D:8      | Bought a glowing rapier for 124 gold pieces
 10730 | D:8      | Bought a runed rapier for 124 gold pieces
 10881 | D:8      | Reached skill level 11 in Stealth
 11082 | D:9      | Found Oriet's Antique Weapon Shop.
 11641 | D:9      | Reached skill level 5 in Dodging
 12026 | D:9      | Reached *** piety under Dithmenos
 12085 | D:10     | Entered Level 10 of the Dungeon
 12211 | D:9      | Reached skill level 5 in Short Blades
 12996 | D:10     | Reached skill level 12 in Stealth
 13244 | D:11     | Noticed a manticore
 13246 | D:11     | Killed a manticore
 13315 | D:11     | Reached XP level 11. HP: 47/47 MP: 22/27
 13436 | D:11     | Found Elutof's Book Boutique.
 13489 | D:11     | Noticed an unseen horror
 13492 | D:11     | Killed an unseen horror
 13759 | D:11     | Found an ancient bone altar of Kikubaaqudgha.
 13800 | D:11     | Reached **** piety under Dithmenos
 14178 | D:12     | Noticed a centaur warrior
 14199 | D:12     | Killed a centaur warrior
 14199 | D:12     | Reached skill level 10 in Dodging
 14357 | D:12     | Found a staircase to the Orcish Mines.
 14478 | Lair:1   | Entered Level 1 of the Lair of Beasts
 14551 | Lair:1   | Reached skill level 13 in Stealth
 14870 | Lair:1   | Noticed Harold
 14878 | Lair:1   | Killed Harold
 14982 | Lair:1   | Noticed a four-headed hydra
 15018 | Lair:1   | Killed a four-headed hydra
 16000 | Lair:2   | Reached XP level 12. HP: 51/51 MP: 25/28
 16086 | Lair:2   | Reached skill level 10 in Short Blades
 16141 | Lair:2   | Noticed Fannar
 16482 | Lair:2   | Killed Fannar
 16587 | Lair:2   | Reached skill level 14 in Stealth
 16705 | Lair:3   | Reached ***** piety under Dithmenos
 16974 | Lair:3   | Reached skill level 1 in Evocations
 17043 | Lair:3   | Reached skill level 1 in Invocations
 17916 | Lair:4   | Found a frozen archway.
 18061 | IceCv    | Entered an ice cave
 19420 | IceCv    | Reached skill level 5 in Evocations
 19485 | Lair:4   | Learned a level 6 spell: Invisibility
 19491 | Lair:4   | Learned a level 5 spell: Metabolic Englaciation
 19495 | Lair:4   | Learned a level 3 spell: Regeneration
 19632 | Lair:4   | Noticed a five-headed hydra
 19640 | Lair:4   | Killed a five-headed hydra
 19979 | Lair:4   | Noticed an eight-headed hydra
 19993 | Lair:4   | Reached skill level 5 in Invocations
 19994 | Lair:4   | Killed an eight-headed hydra
 20362 | Lair:4   | Reached XP level 13. HP: 55/55 MP: 29/29
 21239 | Lair:3   | Identified a scroll of acquirement
 21242 | Lair:3   | Got a jewelled cloak
 21248 | Lair:3   | Identified the +4 cloak of the Planets {*Corrode Str+5} (You acquired it on level 3 of the Lair of Beasts)
 21602 | Lair:5   | Reached skill level 15 in Stealth
 21624 | Lair:5   | Noticed Rupert
 21717 | Lair:3   | Learned a level 3 spell: Dazzling Spray
 23093 | Lair:5   | Killed Rupert
 23157 | Lair:5   | Noticed Ijyb
 23163 | Lair:5   | Reached ****** piety under Dithmenos
 23212 | Lair:5   | Killed Ijyb
 23803 | Lair:6   | Noticed a fire dragon
 23826 | Lair:6   | Reached skill level 16 in Stealth
 23835 | Lair:6   | Killed a fire dragon
 23968 | Lair:6   | Found a staircase to the Swamp.
 24063 | Lair:6   | Found a hole to the Spider Nest.
 24949 | Lair:7   | Found a dark tunnel.
 24954 | Volcano  | Entered a volcano
 25074 | Volcano  | Engulfed by a cloud of flame

Vault maps used:
D:1:      dpeg_arrival_more_subterranean_lakeside_camping, st_stairs_11,
          lemuel_flame_loot_1
D:3:      nicolae_overflow_hidden_temple, uniq_robin, uniq_terence, uniq_natasha
D:4:      minmay_temple_entry_hall, uniq_sigmund, uniq_menkaure, uniq_edmund
D:5:      lemuel_ratsnest, grunt_temple_overflow_diamond, lemuel_doored_altar,
          first_bread, uniq_grinder, uniq_duvessa
D:7:      amethyst_overflow_temple_binary, grunt_gozag_statues,
          uniq_prince_ribbit1
D:8:      minmay_lair_entry_lava, serial_shops, shop
D:9:      serial_shops, shop, hangedman_little_slice_of_home
D:11:     serial_shops, shop, nicolae_sextant,
          lemuel_mausoleum_altar_kikubaaqudgha
D:12:     orc_0_dummy, ashenzari_altar_1
Temple:   hc_temple_tempest_star
Lair:1:   nicolae_quartered_pool_little, st_stairs_12, minivault_25,
          cheibrodos_lair_reptile_den, uniq_harold
Lair:2:   uniq_fannar
Lair:3:   st_stairs_7, serial_bayou_lake_a, grunt_megastairs_5
Lair:4:   portal_ice_cave_entry_imps, lemuel_fruit_tree, grunt_megastairs_4
Lair:5:   erik_1, uniq_rupert
Lair:6:   dragon1_lemuel, swamp_mist, nicolae_spider_entry_tight_spaces
Lair:7:   slime_altar_1, enter_volcano_4, grunt_forest_large_clearing_hut
IceCv:    ice_cave_statue_garden_02
Volcano:  volcano_aerie

Skill      XL: |  1  2  3  4  5  6  7  8  9 10 11 12 13 |
---------------+----------------------------------------+-----
Spellcasting   | 3 4 5 7 9 10 11 | 11.7
Hexes          | 4 5 6 8 9 11 14 | 14.7
Stealth        | 5 6 8 9 10 12 13 14 16 | 16.5
Short Blades   | 6 9 10 | 10.5
Dodging        | 8 11 12 | 12.9
Evocations     | 6 7 |  7.7
Invocations    | 5 7 |  7.6

Action                   |  1- 3 |  4- 6 |  7- 9 | 10-12 | 13-15 || total
-------------------------+-------+-------+-------+-------+-------++-------
Melee: Dagger            |   119 |   138 |   432 |    17 |       ||   706
       Rapier            |       |       |       |   823 |   295 ||  1118
 Cast: Corona            |     5 |       |       |       |       ||     5
       Ensorcelled Hiber |    15 |    17 |    45 |    55 |    31 ||   163
       Confuse           |       |    10 |    50 |    70 |    40 ||   170
       Dazzling Spray    |       |       |       |       |     2 ||     2
       Metabolic Englaci |       |       |       |       |     1 ||     1
Evoke: Deck              |       |       |       |     7 |       ||     7
  Use: Scroll            |       |       |     6 |    11 |    12 ||    29
       Potion            |       |       |       |       |     7 ||     7
 Stab: Sleeping          |    18 |    25 |    62 |   130 |    39 ||   274
       Distracted        |     1 |       |       |     3 |     1 ||     5
       Confused          |       |     4 |    33 |    47 |    15 ||    99
  Eat: Bread ration      |       |     1 |       |       |       ||     1
       Royal jelly       |       |       |     1 |       |       ||     1
       Pizza             |       |       |       |     4 |       ||     4
       Fruit             |       |       |       |     6 |     5 ||    11
